 Dungeon Crawl Stone Soup version 0.30-a0-1016-gfb0d676c02 (webtiles) character file.

Game seed: 17317707588109756346

288 FlurksSlurper the Digger (level 6, 0/35 HPs)
             Began as a Gargoyle Earth Elementalist on Apr 7, 2023.
             Splashed by a jelly's acid (3 damage)
             ... in a sewer.
             The game lasted 00:11:55 (3294 turns).

FlurksSlurper the Digger (GrEE)                     Turns: 3294, Time: 00:11:56

Health: 0/35       AC:  5    Str: 11    XL:     6   Next: 31%
Magic:  11/11      EV:  8    Int: 18    God:
Gold:   124        SH:  7    Dex: 10    Spells: 11/12 levels left

rFire   . . .      SeeInvis +    H - +1 mace (protect)
rCold   . . .      Faith    .    z - +0 kite shield
rNeg    + . .      Spirit   .    J - +5 ring mail of the Evil One {rPois Regen+}
rPois   ∞          Reflect  .    (no helmet)
rElec   +          Rampage  .    (no cloak)
rCorr   .                        (no gloves)
Will    .....                    (no boots)
Stlth   +                        l - amulet of magic regeneration
HPRegen 1.05/turn                n - ring of see invisible
MPRegen 0.52/turn                (no ring)

@: corroded, under a protective aura
A: sickness immunity, AC +4, negative energy resistance 1, electricity
resistance, torment resistance 1, petrification resistance
a: no special abilities


You were in a sewer.
You visited 1 branch of the dungeon, and saw 4 of its levels.
You also visited: Sewer.

You collected 124 gold pieces.

Inventory:

Hand Weapons
 w - a +0 long sword
 F - a +0 sling
 H - a +1 mace of protection (weapon)
Missiles
 e - 30 stones
 g - a throwing net
 o - 11 poisoned darts
 t - 5 boomerangs
 C - a silver boomerang
Armour
 a - a +0 robe
 s - a +0 scale mail
 u - a +0 helmet
 z - a +0 kite shield (worn)
 D - a +4 ring mail
 J - the +5 ring mail of the Evil One (worn) {rPois Regen+}
   (You found it on level 4 of the Dungeon)

   rPois:     It protects you from poison.
   Regen:     It increases your rate of health regeneration.
Jewellery
 f - an amulet of guardian spirit
 l - an amulet of magic regeneration (around neck)
 n - a ring of see invisible (left hand)
 B - a ring of magical power
Wands
 y - a wand of flame (13)
Scrolls
 c - 6 scrolls of teleportation
 i - a scroll of enchant weapon
 j - 4 scrolls of identify
 k - a scroll of noise {unknown}
 p - a scroll of poison {unknown}
 q - a scroll of silence {unknown}
 r - a scroll of magic mapping
 G - a scroll of fear
Potions
 b - a potion of magic
 d - 3 potions of heal wounds {unknown}
 h - 2 potions of curing {unknown}
 m - 3 potions of attraction {unknown}
 v - 3 potions of degeneration {unknown}
 x - 3 potions of cancellation {unknown}
 A - a potion of ambrosia {unknown}
 E - a potion of flight {unknown}
 I - 2 potions of haste {unknown}
 K - 2 potions of might {unknown}
 L - a potion of invisibility {unknown}
 M - a potion of brilliance {unknown}


   Skills:
 * Level 1.8 Fighting
 * Level 0.8 Maces & Flails
 * Level 1.0 Armour
 + Level 1.8 Dodging
 + Level 2.9 Stealth
 * Level 1.2 Shields
 * Level 1.2 Unarmed Combat
 + Level 3.8 Spellcasting
 + Level 0.7 Transmutations
 + Level 4.9 Earth Magic


You had 11 spell levels left.
You knew the following spells:

 Your Spells              Type           Power      Damage    Failure   Level
a - Sandblast             Erth           42%        2d11      16%         1

Your spell library contained the following spells:

 Spells                   Type           Power      Damage    Failure   Level
 Passwall                 Tmut/Erth      10%        N/A       52%         2
 Stone Arrow              Conj/Erth      24%        3d8       80%         3
 Lesser Beckoning         Tloc           6%         N/A       88%         2
 Gell's Gravitas          Tloc           3%         N/A       98%         3
 Teleport Other           Tloc           3%         N/A       98%         3
 Petrify                  Tmut/Erth      13%        N/A       98%         4


Dungeon Overview and Level Annotations

Branches:
Dungeon (4/15)              Sewer (1/1)
 Temple: D:4-7

Altars:
Fedhas


Innate Abilities, Weirdness & Mutations

You are immune to sickness and miasma.
Your stone body is resilient. (AC +4)
You are immune to poison.
You resist negative energy. (rN+)
You are resistant to electric shocks. (rElec)
You are resistant to unholy torment.
You are immune to petrification.


Message History

You enter the shallow water.
Moving in this stuff is going to be slow.
The jelly quivers.
Your unstable footing causes you to fumble your attack.
You block the jelly's attack. The jelly hits you but does no damage.
Your unstable footing causes you to fumble your attack.
The jelly hits you but does no damage. x2
You sock the jelly!
Your weapon exudes an aura of protection.
The acid corrodes you!
Your hands burn!
The jelly is heavily wounded.
The jelly closely misses you.
Your unstable footing causes you to fumble your attack.
You block the jelly's attack. The jelly hits you but does no damage.
The jelly hits you.
You are splashed with acid.
You hit the jelly but do no damage.
Your weapon exudes an aura of protection.
The acid corrodes you!
Your hands burn!
The jelly is heavily wounded.
The jelly hits you but does no damage. You block the jelly's attack.
You completely miss the jelly.
The jelly is heavily wounded.
The jelly hits you but does no damage.
You hit the jelly.
Your hands burn!
The jelly is heavily wounded.
The jelly closely misses you. The jelly hits you but does no damage.
You hit the jelly but do no damage.
Your hands burn!
The jelly is heavily wounded.
The jelly hits you. The acid corrodes you!
You are splashed with acid.
You hit the jelly but do no damage. The acid corrodes you!
Your hands burn!
The jelly is heavily wounded.
The jelly hits you but does no damage. x2
You hit the jelly.
Your hands burn!
* * * LOW HITPOINT WARNING * * *
The jelly is almost dead.
The jelly hits you.
You are splashed with acid!
* * * LOW HITPOINT WARNING * * *
The jelly hits you but does no damage.
You hit the jelly but do no damage.
Your hands burn!
You die...

#..# #..# #~~# #~~# #~.#
#..# #..# #~~# #..# #..#
#~.####..# #..# #..~†....#
#..# #.~~††..~# #.~#
########## #.†## #####
#~..# ##@~.## ##..##
#J~.~.# #~~~####.~~#.~#
#....~##!!##~.####
##~÷~~~####.~~~.~##
####..~~##~~~~....####
#.~##.~..~~~###.~~.~~##
#.~~##..~~~##.##~†....####
##~..#..~.##~..#..##~...~##


You could see a jelly.

Vanquished Creatures
  A jelly (Sewer)
  Jessica (D:3)
  Natasha (thrice) (D:3)
  3 adders
  A river rat (Sewer)
  A dart slug (D:1)
  3 worms
  4 orcs (D:3)
  13 ball pythons
  16 endoplasms
  8 giant cockroaches
  8 goblins
  5 hobgoblins
  6 kobolds
  5 quokkas
  6 bats
  6 frilled lizards
  12 rats
102 creatures vanquished.

Notes
Turn   | Place    | Note
-------+----------+-------------------------------------------
     0 | D:1      | FlurksSlurper the Gargoyle Earth Elementalist began the
                  | quest for the Orb.
     0 | D:1      | Reached XP level 1. HP: 10/10 MP: 3/3
   190 | D:1      | Reached skill level 4 in Earth Magic
   191 | D:1      | Reached XP level 2. HP: 15/15 MP: 1/5
  1160 | D:2      | Reached XP level 3. HP: 19/19 MP: 4/6
  1666 | D:2      | Reached XP level 4. HP: 24/24 MP: 8/8
  1908 | D:3      | Noticed Natasha
  1913 | D:3      | Killed Natasha
  1951 | D:3      | Noticed Jessica
  1954 | D:3      | Killed Jessica
  1963 | D:3      | Reached XP level 5. HP: 26/28 MP: 9/9
  1980 | D:3      | Noticed Natasha
  1984 | D:3      | Killed Natasha
  1985 | D:3      | Reached skill level 1 in Fighting
  2132 | D:3      | Noticed Natasha
  2138 | D:3      | Killed Natasha
  2295 | D:3      | Reached skill level 1 in Unarmed Combat
  2789 | D:4      | Found a blossoming altar of Fedhas.
  2831 | D:4      | Identified the +5 ring mail of the Evil One {rPois Regen+}
  2894 | D:4      | Found a glowing drain.
  2921 | Sewer    | Entered a sewer
  3054 | Sewer    | Reached XP level 6. HP: 30/35 MP: 11/11
  3156 | Sewer    | Reached skill level 1 in Armour
  3177 | Sewer    | Reached skill level 1 in Shields
  3192 | Sewer    | Found a viscous altar of Jiyva.
  3294 | Sewer    | Splashed by a jelly's acid

Illustrated notes

Levels and vault maps discovered:
D:1:      dpeg_arrival_oval, layout_basic
D:2:      layout_loops_ring
D:3:      layout_loops_corners, minmay_misc_feat_hallway,
          minmay_randomly_rotated_circles, uniq_natasha, uniq_jessica
D:4:      layout_loops_ring, mainiacjoe_overflow_small_starburst,
          gup_sewer_entry_bubbles, hex_medium
Sewer:    sewer_hellmonk_slimy_pipes

Skill      XL: |  1  2  3  4  5  6 |
---------------+-------------------+-----
Earth Magic    | 4 |  4.9
Spellcasting   | 3 |  3.8
Fighting       | 1 |  1.8
Unarmed Combat | 1 |  1.2
Armour         | 1 |  1.0
Shields        | 1 |  1.2
Maces & Flails | |  0.8
Dodging        | |  1.8
Stealth        | |  2.9
Transmutations | |  0.7

Action                     |  1- 3 |  4- 6 || total
---------------------------+-------+-------++-------
  Melee: Unarmed           |    30 |    10 ||    40
         Mace              |       |   124 ||   124
         Punch             |       |     1 ||     1
   Cast: Sandblast         |    47 |    54 ||   101
  Evoke: Wand              |       |     2 ||     2
    Use: Scroll            |       |     4 ||     4
   Stab: Sleeping          |       |     1 ||     1
 Armour: Robe              |    12 |    13 ||    25
         Ring mail         |       |   154 ||   154
  Dodge: Dodged            |    36 |   110 ||   146
  Block: Kite shield       |       |    44 ||    44

Table legend: (Time is in decaauts)
 A = Elapsed time spent in this place.
 B = Non-inter-level travel time spent in this place.
 C = Inter-level travel time spent in this place.
 D = Time resting spent in this place.
 E = Time spent auto-exploring this place.
 F = Levels seen in this place.
 G = Mean time per level.
                   A        B        C        D        E       F      G
               +--------+--------+--------+--------+--------+-----+--------+
         Total |   3453 |   3341 |    112 |      0 |   2309 |   5 |  690.6 |
       Dungeon |   2997 |   2885 |    112 |      0 |   2133 |   4 |  749.2 |
         Sewer |    455 |    455 |      0 |      0 |    176 |   1 |  455.0 |
               +--------+--------+--------+--------+--------+-----+--------+

Top non-repeatable levels by time:
     D:3: 1090 daAuts
     D:1: 1033 daAuts
     D:2: 715 daAuts
   Sewer: 455 daAuts
     D:4: 159 daAuts
